 Dungeon Crawl Stone Soup version 0.32-a0-290-g598725c5f2 (webtiles) character file.

Game seed: 9804386914497580619

1876225 momomo the Slayer (level 27, 245/245 HPs)
             Began as an Octopode Monk on Feb 13, 2024.
             Was a High Priest of Hepliaklqana.
             Escaped with the Orb
             ... and 3 runes!
             The game lasted 02:17:41 (55092 turns).

momomo the Slayer (Octopode Monk)                  Turns: 55092, Time: 02:17:42

Health: 245/245    AC: 37    Str: 25    XL:     27
Magic:  44/44      EV: 30    Int: 21    God:    Hepliaklqana [*****.]
Gold:   4530       SH: 26    Dex: 21    Spells: 8/42 levels left

rFire   + .          .
                       - Unarmed
rCold   + + .        Y - +3 tower shield "Mithrorphi" {Will+ Stlth+}
rNeg    + . .        o - +2 hat {Will+}
rPois   ∞            Q - amulet of guardian spirit
rElec   +            O - +5 ring of evasion
rCorr   .            j - ring of protection from cold
SInv    .            n - ring of magical power
Will    ++++.        H - +4 ring of protection
Stlth   ++           P - ring of protection from fire
HPRegen 1.40/turn    c - +4 ring of protection
MPRegen 0.29/turn    x - +6 ring of dexterity
                     I - +6 ring of strength

%: clarity, guardian spirit
@: statue-form, studying Hexes, very slow
A: slow and powerful, torment resistance 1, boosted hp, reduced essence, almost
no armour, amphibious, 8 rings, camouflage 1, (gelatinous body 1), (nimble
swimmer 1), tentacles, clarity, clever 1, cold resistance 1, regeneration 1,
screaming 1, strong 1
0: Orb of Zot
}: 3/15 runes: barnacled, silver, gossamer
a: Begin Untransformation, Renounce Religion, Recall Ancestor, Ancestor
Identity, Transference, Idealise


You escaped.
You worshipped Hepliaklqana.
Hepliaklqana was extremely pleased with you.
You were a living statue of rough stone.
You visited 11 branches of the dungeon, and saw 49 of its levels.
You visited the Abyss 1 time.
You also visited: Ossuary, Gauntlet, Ice Cave, Volcano and Wizlab.

You collected 8151 gold pieces.
You spent 3621 gold pieces at shops.

Inventory:

Missiles
 g - 9 throwing nets {!f}
 q - 13 curare-tipped darts
Armour
 o - a +2 hat of willpower (worn)
 s - the +2 hat of Modesty {rElec rN+ Regen+ Stlth+}
   (You found it on level 4 of the Spider Nest)

   rElec:     It insulates you from electricity.
   rN+:       It protects you from negative energy.
   Regen+:    It increases your rate of health regeneration.
   Stlth+:    It makes you more stealthy.
 Y - the +3 tower shield "Mithrorphi" (worn) {Will+ Stlth+}
   (You took it off a daeva on level 2 of the Abyss)

   Will+:     It increases your willpower.
   Stlth+:    It makes you more stealthy.
Jewellery
 a - a ring of resist corrosion
 c - a +4 ring of protection (on tentacle)
 j - a ring of protection from cold (right tentacle)
 m - a ring of see invisible
 n - a ring of magical power (on tentacle)
 t - a ring of wizardry
 x - a +6 ring of dexterity (on tentacle)
 y - a ring of willpower
 H - a +4 ring of protection (on tentacle)
 I - a +6 ring of strength (on tentacle)
 O - a +5 ring of evasion (left tentacle)
 P - a ring of protection from fire (on tentacle)
 Q - an amulet of guardian spirit (around mantle)
 R - a ring of protection from fire
 U - a ring of ice
 V - a ring of fire
Talismans
 B - a granite talisman (active)
Wands
 d - a wand of digging (8) {@v3}
 p - a wand of iceblast (53) {@v2}
 S - a wand of paralysis (56)
 T - a wand of acid (28) {@v1}
Scrolls
 h - 8 scrolls of vulnerability
 i - a scroll of blinking {@r4}
 l - 3 scrolls of summoning
 r - 13 scrolls of teleportation {@r3}
 w - 7 scrolls of fear
 D - 4 scrolls of poison
 N - 2 scrolls of silence
Potions
 b - 8 potions of ambrosia
 u - 9 potions of haste {@q4}
 v - 7 potions of might {@q3}
 z - 26 potions of curing {@q1}
 A - 2 potions of invisibility
 C - 7 potions of lignification
 G - 4 potions of cancellation
 J - 12 potions of heal wounds {@q2}
 K - 5 potions of mutation
 M - 13 potions of enlightenment
 X - 5 potions of magic
Miscellaneous
 f - a box of beasts
 k - a phial of floods
 F - a condenser vane
 L - a lightning rod (4/4)


   Skills:
 + Level 23.3 Fighting
 - Level 3.0 Long Blades
 - Level 18.0 Dodging
 - Level 19.0 Shields
 - Level 22.0 Unarmed Combat
 - Level 8.0 Spellcasting
 - Level 9.0 Hexes
 - Level 13.0 Summonings
 - Level 9.0 Translocations
 - Level 5.0 Ice Magic
 - Level 12.0 Invocations
 - Level 12.0 Evocations
 - Level 16.1 Shapeshifting


You had 8 spell levels left.
You knew the following spells:

 Your Spells              Type           Power      Damage    Failure   Level
a - Summon Small Mammal   Summ           100%       N/A       1%          1
b - Apportation           Tloc           92%        N/A       1%          1
c - Lesser Beckoning      Tloc           92%        N/A       1%          2
d - Summon Forest         Summ/Tloc      26%        N/A       4%          5
e - Passwall              Erth           8%         N/A       38%         3
f - Passage of Golubria   Tloc           46%        N/A       3%          4
g - Ozocubu's Armour      Ice            29%        N/A       5%          3
h - Manifold Assault      Tloc           46%        N/A       3%          4
i - Summon Mana Viper     Hex/Summ       53%        N/A       4%          5
j - Summon Cactus Giant   Summ           29%        N/A       10%         6

Your spell library contained the following spells:

 Spells                   Type           Power      Damage    Failure   Level
 Freeze                   Ice            100%       1d10      1%          1
 Ensorcelled Hibernation  Hex/Ice        74%        N/A       1%          2
 Jinxbite                 Hex            92%        N/A       1%          2
 Call Canine Familiar     Summ           58%        N/A       1%          3
 Confusing Touch          Hex            46%        N/A       1%          3
 Gell's Gravitas          Tloc           46%        N/A       1%          3
 Sigil of Binding         Hex            46%        N/A       1%          3
 Teleport Other           Tloc           46%        N/A       1%          3
 Momentum Strike          Conj/Tloc      54%        3d9       3%          2
 Cause Fear               Hex            23%        N/A       3%          4
 Dimensional Bullseye     Hex/Tloc       23%        N/A       3%          4
 Dazzling Flash           Conj/Hex       54%        N/A       6%          3
 Martyr's Knell           Necr/Summ      35%        N/A       10%         4
 Summon Blazeheart Golem  Fire/Summ      35%        N/A       10%         4
 Summon Lightning Spire   Summ/Air       35%        N/A       10%         4
 Foxfire                  Conj/Fire      32%        2x1d5     14%         1
 Kiss of Death            Conj/Necr      32%        2d7       14%         1
 Magic Dart               Conj           32%        1d4       14%         1
 Necrotise                Necr           32%        1d5       14%         1
 Sandblast                Erth           16%        2d6       14%         1
 Sting                    Conj/Alch      32%        1d5       14%         1
 Cigotuvi's Dreadful Rot  Necr/Alch/Air  16%        N/A       21%         2
 Mercury Vapours          Alch/Air       16%        N/A       21%         2
 Searing Ray              Conj           16%        2d5       21%         2
 Static Discharge         Conj/Air       16%        3-4/arc   21%         2
 Metabolic Englaciation   Hex/Ice        18%        N/A       22%         5
 Fugue of the Fallen      Necr           8%         N/A       38%         3
 Mephitic Cloud           Conj/Alch/Air  8%         N/A       38%         3
 Stone Arrow              Conj/Erth      16%        3d8       38%         3
 Swiftness                Air            8%         N/A       38%         3
 Vampiric Draining        Necr           8%         2d6       38%         3
 Dispersal                Tloc           23%        N/A       45%         6
 Silence                  Hex/Air        13%        N/A       52%         5
 Yara's Violent Unravell  Hex/Alch       13%        3d7       52%         5
 Malign Gateway           Summ/Tloc      26%        N/A       77%         7
 Airstrike                Air            4%         2d(1-17)  80%         4
 Animate Dead             Necr           8%         N/A       80%         4
 Brom's Barrelling Bould  Conj/Erth      8%         2d3       80%         4
 Dispel Undead            Necr           8%         3d8       80%         4
 Fulminant Prism          Conj/Alch      4%         3d5       80%         4
 Ignite Poison            Fire/Alch      8%         N/A       80%         4
 Olgreb's Toxic Radiance  Alch           8%         N/A       80%         4
 Petrify                  Alch/Erth      8%         N/A       80%         4
 Freezing Cloud           Conj/Ice/Air   7%         6-21      89%         5
 Enfeeble                 Hex            23%        N/A       96%         7
 Alistair's Intoxication  Alch           5%         N/A       98%         5
 Curse of Agony           Necr           8%         N/A       98%         5
 Fireball                 Conj/Fire      4%         3d4       98%         5
 Irradiate                Conj/Alch      4%         3d13      98%         5
 Lee's Rapid Deconstruct  Erth           4%         3d5*      98%         5
 Conjure Ball Lightning   Conj/Air       4%         3x3d6     100%        6
 Death Channel            Necr           4%         N/A       100%        6
 Eringya's Noxious Bog    Alch           4%         4d6       100%        6
 Plasma Beam              Fire/Air       4%         2x1d14    100%        6
 Sculpt Simulacrum        Ice/Alch       9%         N/A       100%        6
 Starburst                Conj/Fire      4%         6d3       100%        6
 Haunt                    Necr/Summ      17%        N/A       100%        7
 Borgnjor's Revivificati  Necr           4%         N/A       100%        8
 Discord                  Hex            23%        N/A       100%        8
 Disjunction              Tloc           23%        N/A       100%        8
 Lehudib's Crystal Spear  Conj/Erth      4%         10d3      100%        8
 Chain Lightning          Conj/Air       4%         3d5       100%        9
 Death's Door             Necr           4%         N/A       100%        9
 Dragon's Call            Summ           29%        N/A       100%        9
 Fire Storm               Conj/Fire      4%         8d1       100%        9
 Shatter                  Erth           4%         3d7*      100%        9
 Animate Armour           Summ/Erth      Unusable   N/A       N/A         4
 Sublimation of Blood     Necr           Unusable   N/A       N/A         2

Dungeon Overview and Level Annotations

Branches:
Dungeon (15/15)            Temple (1/1) D:4            Lair (5/5) D:11
 Shoals (4/4) Lair:3       Spider (4/4) Lair:2        Slime (0/5) Lair:4
    Orc (2/2) D:12            Elf (3/3) Orc:2        Vaults (5/5) D:13
  Crypt (1/3) Vaults:2     Depths (4/4) D:15            Zot (5/5) Depths:4
Ossuary (visited)           IceCv (visited)         Volcano (visited)
 WizLab (visited)         Gauntlet (visited)

Altars:
Ashenzari
Cheibriados
Dithmenos
Elyvilon
Fedhas
Gozag
Hepliaklqana
Kikubaaqudgha
Makhleb
Nemelex Xobeh
Okawaru
Qazlal
Ru
Sif Muna
Trog
Uskayaw
Vehumet
Wu Jian
Xom
Yredelemnul
Zin
The Shining One

Shops:
D:13 (   D:15 !   Orc:2 [[[=   Elf:1 (   Elf:2 [   Vaults:2 [   Vaults:4 [
Depths:1 !

Portals:
Hell: Lair:5 Depths:1 Depths:3 Depths:4
Abyss: Depths:1 Depths:3 Depths:4
Pandemonium: Depths:1 Depths:2 Depths:3
Ziggurat: Depths:3
Trove: D:11 (give 18 potions of curing)

Annotations:
Lair:5 exclusion: oklob plant
Elf:2 3 runed translucent doors
Vaults:4 36 runed translucent doors
Crypt:1 Josephina
Depths:2 exclusion: hellion


Innate Abilities, Weirdness & Mutations

You are a living statue of rough stone.
Your actions are slow, but your melee attacks are powerful.
You are resistant to unholy torment.
Your maximum health is greatly increased.
Your life essence is reduced to manifest your ancestor. (-10% HP)
You cannot wear most types of armour.
You are amphibious.
You can wear up to eight rings at the same time.
You are immune to poison.
Your skin changes colour to match your surroundings (Stealth+).
((Your rubbery body absorbs attacks. (AC +1, EV +1)))
((You are camouflaged when in or above water. (Stealth+)))
You have tentacles for arms and can constrict up to eight enemies at once.
You possess an exceptional clarity of mind.
Your mind is acute. (Int +4, Str/Dex -1)
Your flesh is cold resistant. (rC+)
Your natural rate of healing is unusually fast.
You occasionally shout uncontrollably at your foes.
Your muscles are strong. (Str +4, Int/Dex -1)


Message History

The Brimstone Fiend partially resists.
The Brimstone Fiend gestures at you.
The sphere of damnation explodes!
The damnation engulfs you!!
The damnation engulfs Ocluw!!
Ocluw casts a spell.
Ocluw seems to speed up.
You block the Brimstone Fiend's attack. The Brimstone Fiend misses you.
The Brimstone Fiend hits you but does no damage.
You barely miss the Brimstone Fiend.
Ocluw casts a spell at the Brimstone Fiend.
The crystal spear hits the Brimstone Fiend!!!
The Brimstone Fiend hits Ocluw but does no damage. x2
The Brimstone Fiend hits Ocluw.
Ocluw points at the Brimstone Fiend and mumbles some strange words.
The crystal spear hits the Brimstone Fiend!!!
The Brimstone Fiend dies!
No target in view!
No target in view!
What level of the Dungeon? (default 2, ? - help)
A blizzard demon comes into view.
Ocluw gestures at the blizzard demon while chanting.
The crystal spear hits the blizzard demon!!
You closely miss the blizzard demon.
Ocluw casts a spell at the blizzard demon.
The crystal spear hits the blizzard demon!!!
The blizzard demon dies!
What level of the Dungeon? (default 1, ? - help)
There is an open door here.
There is an open door here.
You see here a +0 ring mail.
HP restored.
There is an open door here.
Magic restored.
Ancestor HP restored.
You see here a +0 club.
There is a stone staircase leading up here.
You climb upwards.
There is a stone staircase leading down here.
Ocluw is no longer moving quickly.
There is a staircase leading out of the dungeon here.
You have escaped!

.#.#######......#..# ##.#...#.#
.#.#............#..# #....#.#.#
...#.#.............# #..#.#...#
.###.#.....>.......#######.#####
..........######.#.........######
.###.###.........................
.# #....).......R##########.#####
.##############R### #....#
.#.......# #..I.# #....#
.#.###.#.# #....# #....#
...)##...######'#'## ##########
....##.####.....#.÷####### #.....
....##.# #.....##..##...###.###.
##'###.# #.....##.........#.# #.
#.# #.####.....###........#.# #.
#.# #..........# ###.....##.###.
##.#########....############.....


You could see the friendly Ocluw the battlemage.

Vanquished Creatures
  2 ancient liches
  6 orbs of fire (Zot:5)
  A juggernaut (Depths:3)
  Sojobo (Vaults:3)
  Boris (Depths:1)
  2 Killer Klowns (Zot:5)
  Saint Roka (Depths:2)
  A golden dragon (Zot:4)
  A bone dragon (Depths:4)
  Norris (Depths:2)
  2 electric golems (Zot:5)
  6 tentacled monstrosities
  A walking crystal tome (Depths:4)
  9 Orb Guardians
  A deep elf blademaster (Elf:3)
  2 sphinxes
  A lich (Depths:4)
  3 quicksilver dragons
  4 titans
  A deep elf master archer (Elf:3)
  4 death cobs
  Gastronok (D:8)
  5 tengu reavers
  2 storm dragons
  An ancient champion (Vaults:2)
  9 shadow dragons
  Roxanne (Spider:1)
  2 draconian monks (Zot:1)
  2 draconian scorchers (Depths:4)
  11 vault wardens
  A daeva (Abyss:2)
  4 frost giants
  8 emperor scorpions
  2 draconian shifters
  5 deep elf sorcerers (Elf:3)
  3 deep elf elementalists (Elf:3)
  8 fire giants
  3 iron dragons
  4 draconian knights
  4 ghost moths
  A balrug (Depths:2)
  An orc warlord (Orc:2)
  Louise (Spider:3)
  7 spriggan defenders
  A formless jellyfish (Vaults:3)
  7 draconian annihilators
  3 draconian stormcallers
  2 broodmothers
  23 ironbound preservers
  6 stone giants
  4 ironbound thunderhulks
  16 very ugly things
  A vampire knight (Depths:2)
  4 deep elf demonologists
  7 black draconians
  5 deep elf annihilators
  2 deep elf death magi
  4 purple draconians
  6 white draconians
  10 dire elephants
  6 red draconians
  6 green draconians
  5 war gargoyles
  11 yellow draconians
  An eidolon (Vaults:3)
  6 ettins
  Snorg (Orc:2)
  2 crystal guardians
  A merfolk javelineer (Shoals:4)
  4 fire dragons
  5 deep elf high priests
  6 merfolk impalers (Shoals:4)
  4 entropy weavers
  A spectral spriggan (Depths:3)
  10 great orbs of eyes
  2 rakshasas
  2 hydras
  Erolcha (D:12)
  8 yaktaur captains
  29 vault guards
  A spriggan zombie (Depths:2)
  5 peacekeepers
  6 ice dragons
  A radroach (shapeshifter) (Depths:3)
  A sphinx zombie (Depths:3)
  3 hell beasts
  4 radroaches
  4 merfolk aquamancers
  9 two-headed ogres
  A merfolk avatar (Shoals:4)
  6 centaur warriors
  A catoblepas (Lair:5)
  2 ogre magi (Vaults:5)
  4 ironbound frosthearts
  5 boulder beetles
  13 dancing weapons
  2 satyrs
  A sphinx skeleton (Depths:1)
  2 tengu warriors
  A vampire mage (Depths:2)
  5 deep troll shamans
  6 deep troll earth magi
  5 death yaks
  3 orc high priests (Depths:2)
  5 demonic crawlers
  A hell hog (Volcano)
  A storm dragon zombie (Depths:1)
  2 occultists (Depths:2)
  9 hell knights
  2 soul eaters (Depths:2)
  A spriggan berserker (Depths:4)
  6 pharaoh ants
  11 deep elf knights
  7 spriggans
  3 sun demons (Depths:2)
  5 iron trolls
  2 sixfirhies
  3 shadow wraiths (Depths:3)
  7 skysharks
  A wretched star (Abyss:2)
  A salamander mystic (Depths:3)
  6 skeletal warriors
  A sea snake (shapeshifter) (Depths:4)
  35 deep trolls
  4 sea snakes
  2 flayed ghosts
  A golden dragon skeleton (Depths:2)
  5 orb spiders
  3 glowing orange brains
  A spriggan simulacrum (Depths:1)
  A kraken simulacrum (Shoals:4)
  Pikel (D:6)
  A phantasmal warrior (Vaults:5)
  3 arcanists
  7 necromancers
  An iron dragon zombie (Depths:2)
  4 lindwurms
  12 ironbound convokers
  15 deep elf zephyrmancers
  7 orc knights
  10 harpies
  7 steelbarb worms
  8 deep elf archers
  A lightning spire (WizLab)
  17 deep elf pyromancers
  3 orc sorcerers
  35 ugly things
  13 wolf spiders
  A shadow dragon skeleton (Depths:3)
  A tengu skeleton (Depths:3)
  6 cyclopes
  An iron dragon skeleton (Depths:3)
  5 salamanders
  11 manticores
  5 fauns
  4 meliai
  13 moths of wrath
  Joseph (D:7)
  2 merfolk sirens (Shoals:4)
  4 kobold blastminers
  15 elephants
  2 frost giant skeletons
  7 black mambas
  5 water nymphs
  A naga mage (Abyss:2)
  A water nymph (shapeshifter) (Vaults:5)
  A titan simulacrum (Depths:2)
  2 rust devils
  3 smoke demons
  9 cane toads
  5 molten gargoyles (WizLab)
  5 torpor snails
  20 vault sentinels
  6 gargoyles
  A hellion (Depths:2)
  A minotaur zombie (Gauntlet)
  3 rime drakes
  3 efreet
  12 komodo dragons
  9 yaktaurs
  A freezing wraith (Vaults:5)
  3 tengu conjurers
  A red devil (Lair:5)
  A golden dragon simulacrum (Depths:2)
  7 trolls
  A merfolk (shapeshifter) (Vaults:4)
  4 ice devils (Lair:5)
  A troll (shapeshifter) (D:13)
  12 merfolk
  2 polar bears
  A queen bee (shapeshifter) (D:15)
  A raiju (Abyss:2)
  4 wind drakes
  10 blink frogs
  A tyrant leech (Abyss:2)
  5 dream sheep
  13 tarantellas
  11 hornets
  A tarantella (shapeshifter) (D:15)
  6 snapping turtles
  A spriggan skeleton (Depths:2)
  8 slime creatures
  16 culicivoras
  A centaur simulacrum (D:15)
  22 jumping spiders
  A ynoxinul (Depths:3)
  2 wyverns
  13 water elementals
  42 yaks
  A fire elemental (Elf:1)
  8 starcursed masses (Abyss:2)
  3 basilisks
  A fire bat (Volcano)
  2 steam dragons
  44 redbacks
  A golden eye (shapeshifter) (D:13)
  5 wargs
  3 vampire mosquitoes
  Menkaure (Ossuary)
  An acid dragon (D:8)
  14 water moccasins
  5 hydra simulacra (Depths:3)
  9 hell hounds
  4 ice beasts
  39 orc warriors
  A sky beast (D:7)
  A laughing skull (Abyss:2)
  16 wolves
  11 ogres
  13 centaurs
  4 boggarts (D:15)
  4 lemures (D:6)
  A kobold brigand (D:9)
  5 bullfrogs
  3 earth elementals (WizLab)
  2 gnoll sergeants (D:7)
  6 scorpions
  3 small abominations (Abyss:2)
  5 killer bees (D:9)
  5 electric eels
  10 howler monkeys
  A hound (D:6)
  3 jellies
  A bombardier beetle (D:4)
  13 orc priests
  7 iguanas
  12 orc wizards
  A wolf simulacrum (IceCv)
  3 mummies (Ossuary)
  Robin (D:2)
  9 gnolls
  4 adders
  A shadow imp (D:8)
  11 white imps
  2 ufetubi
  A ribbon worm (D:2)
  A dart slug (D:2)
  53 orcs
  4 endoplasms
  3 giant cockroaches
  8 gnoll zombies (Ossuary)
  21 goblins
  6 hobgoblins
  2 jackals (D:2)
  9 kobolds
  2 quokkas
  4 ball pythons
  A frilled lizard (D:3)
  4 gnoll skeletons (Ossuary)
  7 goblin skeletons (Ossuary)
  5 goblin zombies (Ossuary)
  4 hobgoblin skeletons (Ossuary)
  2 hobgoblin zombies (Ossuary)
  3 kobold skeletons (Ossuary)
  A kobold zombie (Ossuary)
  4 orc skeletons (Ossuary)
  4 orc zombies (Ossuary)
  9 rats
  3 rat skeletons (Ossuary)
  5 rat zombies (Ossuary)
  A starspawn tentacle (Abyss:2)
1535 creatures vanquished.

Vanquished Creatures (collateral kills)
  Tiamat (Zot:1)
  A dread lich (Zot:5)
  A pandemonium lord (D:8)
  2 ancient liches
  3 orbs of fire (Zot:5)
  2 Killer Klowns (Zot:5)
  3 golden dragons
  Nikola (Spider:1)
  Arachne (Spider:2)
  A Brimstone Fiend (D:2)
  A Tzitzimitl (Zot:3)
  2 electric golems
  Rupert (D:13)
  5 tentacled monstrosities
  22 Orb Guardians
  A lich (Vaults:5)
  2 titans (Vaults:5)
  A deep elf blademaster (Elf:3)
  Asterion (Spider:2)
  2 quicksilver dragons
  5 sphinxes
  A tentacled starspawn (Abyss:2)
  Agnes (Spider:3)
  3 shadow dragons
  A death cob (Zot:5)
  2 storm dragons
  Donald (Spider:1)
  A draconian knight (Zot:5)
  6 fire giants
  A deep elf sorcerer (Elf:3)
  A protean progenitor (Zot:3)
  2 tengu reavers
  3 draconian scorchers
  3 emperor scorpions
  2 deep elf elementalists (Elf:3)
  5 frost giants
  A caustic shrike zombie (Depths:3)
  A draconian shifter (Zot:1)
  A balrug (Zot:1)
  5 vault wardens
  2 ghost moths
  An orc warlord (Orc:1)
  A cacodemon (Depths:4)
  A draconian stormcaller (Zot:5)
  2 reapers
  A spriggan defender (Depths:4)
  6 ironbound preservers
  11 very ugly things
  A broodmother (Zot:3)
  5 stone giants
  A draconian annihilator (Zot:2)
  2 red draconians (Zot:1)
  3 deep elf demonologists (Elf:3)
  4 vampire knights
  3 green draconians
  2 deep elf death magi (Elf:3)
  4 deep elf annihilators
  7 ironbound thunderhulks
  A spark wasp (Spider:4)
  A yellow draconian (Zot:1)
  3 black draconians
  A war gargoyle (Vaults:4)
  2 dire elephants (Vaults:1)
  2 white draconians
  A minotaur (Gauntlet)
  3 purple draconians
  An eidolon (Vaults:2)
  3 fire dragons
  2 merfolk javelineers
  2 blizzard demons
  5 ettins
  6 merfolk impalers
  A crystal guardian (WizLab)
  2 jiangshi
  An entropy weaver (Spider:4)
  A deep elf high priest (Elf:3)
  6 yaktaur captains
  3 great orbs of eyes
  9 vault guards
  A hell beast (Zot:3)
  4 ironbound frosthearts
  2 rakshasas
  3 ice dragons
  A peacekeeper (WizLab)
  An alligator snapping turtle (Shoals:4)
  2 caustic shrike simulacra
  The ghost of Gosmif the Black Belt, a journeyman DsSh of Ashenzari (D:11)
  An ogre mage (D:10)
  2 merfolk aquamancers
  An anaconda (Abyss:2)
  2 centaur warriors
  6 death yaks
  A boulder beetle (Spider:1)
  A spriggan air mage (Depths:4)
  2 deep troll shamans (Depths:3)
  2 two-headed ogres
  11 dancing weapons
  2 spriggan berserkers
  2 demonic crawlers
  5 sun demons
  2 occultists
  A titan zombie (Abyss:2)
  3 deep elf knights (Elf:1)
  3 soul eaters
  3 hell knights (Depths:1)
  4 skeletal warriors
  2 spriggans
  A sixfirhy (Zot:1)
  4 skysharks
  A cherub (D:4)
  3 arcanists
  A mana viper (shapeshifter) (Vaults:5)
  A pharaoh ant (Spider:3)
  A large abomination (Abyss:2)
  2 sea snakes
  A bog body (Abyss:2)
  25 deep trolls
  7 flayed ghosts
  8 orb spiders
  2 deep elf archers (Elf:1)
  2 lindwurms (Vaults:2)
  2 orc knights
  2 phantasmal warriors
  An elf zombie (Vaults:4)
  5 harpies
  3 necromancers
  14 ugly things
  3 steelbarb worms
  3 fauns (Shoals:2)
  4 deep elf pyromancers
  3 deep elf zephyrmancers (Elf:2)
  11 ironbound convokers
  A sphinx simulacrum (Depths:2)
  A stone giant zombie (Abyss:2)
  2 shining eyes (shapeshifter) (Vaults:5)
  A lightning spire (WizLab)
  9 wolf spiders
  7 moths of wrath
  3 salamanders (Depths:3)
  A toenail golem (Depths:3)
  2 cyclopes
  5 meliai
  Maurice (D:7)
  5 merfolk sirens
  6 manticores
  6 elephants
  A kobold blastminer (Orc:2)
  5 water nymphs
  A fire giant skeleton (Depths:1)
  A guardian serpent (shapeshifter) (Depths:1)
  2 orange demons
  A black mamba (Lair:2)
  An unseen horror (D:10)
  9 vault sentinels
  An eye of devastation (shapeshifter) (Vaults:5)
  A smoke demon (Lair:5)
  5 gargoyles
  A torpor snail (Spider:4)
  2 rime drakes (Shoals:3)
  3 hellions
  2 cane toads
  A minotaur zombie (Gauntlet)
  A yaktaur zombie (Vaults:4)
  Jeremiah (D:7)
  2 freezing wraiths
  2 komodo dragons
  A komodo dragon (shapeshifter) (Vaults:5)
  15 yaktaurs
  2 tengu conjurers
  A golden dragon simulacrum (Depths:3)
  12 merfolk
  2 trolls
  A polar bear (D:12)
  A hellwing (D:8)
  11 tarantellas
  8 blink frogs
  4 hornets
  6 snapping turtles
  A wind drake (Shoals:3)
  2 dream sheep
  A glass eye (shapeshifter) (Vaults:5)
  2 raiju (Abyss:2)
  11 jumping spiders
  9 slime creatures
  8 culicivoras
  2 centaur simulacra (D:12)
  2 wraiths
  8 water elementals
  An air elemental (Elf:2)
  3 wyverns
  A ynoxinul (Abyss:2)
  A yak (shapeshifter) (D:15)
  16 yaks
  A fire elemental (Elf:2)
  3 basilisks
  2 fire bats
  3 steam dragons (Shoals:3)
  15 redbacks
  A warg (Orc:1)
  A death yak simulacrum (IceCv)
  An acid dragon (D:7)
  2 water moccasins
  2 hydra simulacra (Depths:3)
  7 hell hounds
  6 orc warriors
  An ice beast (D:7)
  3 laughing skulls (Abyss:2)
  A small abomination (Abyss:2)
  12 ogres
  A boggart (D:15)
  6 centaurs
  6 wolves
  A kobold brigand (D:7)
  3 bullfrogs
  An earth elemental (Elf:3)
  A brain worm (Abyss:2)
  4 scorpions
  A gnoll sergeant (D:6)
  4 killer bees (D:9)
  A howler monkey (D:12)
  An electric eel (D:12)
  A bombardier beetle (D:6)
  A hound (D:6)
  2 jellies (Lair:4)
  4 orc priests
  A gnoll bouda (D:6)
  10 starcursed masses
  2 sleepcaps (D:5)
  10 orc wizards
  14 gnolls
  An adder (D:4)
  4 white imps
  2 ufetubi
  37 orcs
  4 endoplasms (Lair:4)
  2 kobolds (D:9)
805 creatures vanquished.

Vanquished Creatures (others)
  An eldritch tentacle (Zot:1)
  A draconian knight (Zot:1)
  A draconian scorcher (Zot:1)
  3 deep elf knights
  A shadow wraith (Depths:3)
  A jumping spider (Spider:1)
  A centaur simulacrum (Crypt:1)
  A water elemental (Depths:3)
  79 battlemagi
  A white imp (D:12)
  3 snaplasher vines (Zot:1)
  2 starspawn tentacles (Abyss:2)
  8 tentacles (Shoals:4)
103 creatures vanquished.

Grand Total: 2443 creatures vanquished

Notes
Turn   | Place    | Note
-------+----------+-------------------------------------------
     0 | D:1      | momomo the Octopode Monk began the quest for the Orb.
     0 | D:1      | Reached XP level 1. HP: 16/16 MP: 1/1
    15 | D:1      | Reached skill level 1 in Unarmed Combat
    15 | D:1      | Reached XP level 2. HP: 19/21 MP: 2/2
   470 | D:1      | Reached XP level 3. HP: 26/26 MP: 3/3
  1500 | D:2      | Noticed Robin
  1525 | D:2      | Killed Robin
  1529 | D:2      | Reached XP level 4. HP: 32/32 MP: 4/4
  1574 | D:2      | Reached skill level 1 in Evocations
  1841 | D:2      | Learned a level 1 spell: Summon Small Mammal
  1843 | D:2      | Learned a level 1 spell: Apportation
  1845 | D:2      | Learned a level 1 spell: Sting
  2994 | D:2      | Gained mutation: Your muscles are strong. (Str +4, Int/Dex
                  | -1) [potion of mutation]
  2994 | D:2      | Gained mutation: You do not regenerate when monsters are
                  | visible. [potion of mutation]
  2994 | D:2      | Gained mutation: You have hidden genetic potential. [potion
                  | of mutation]
  2999 | D:2      | Lost mutation: You do not regenerate when monsters are
                  | visible. [potion of mutation]
  2999 | D:2      | Lost mutation: Your muscles are strong. (Str +4, Int/Dex
                  | -1) [potion of mutation]
  2999 | D:2      | Lost mutation: You have hidden genetic potential. [potion
                  | of mutation]
  2999 | D:2      | Gained mutation: You are agile. (Dex +4, Str/Int -1)
                  | [potion of mutation]
  2999 | D:2      | Gained mutation: You have hidden genetic potential. [potion
                  | of mutation]
  3278 | D:3      | Reached XP level 5. HP: 36/37 MP: 5/5
  3726 | D:4      | Found a sand-covered staircase.
  3738 | Ossuary  | Entered an ossuary
  4008 | Ossuary  | Gained mutation: Your natural rate of healing is unusually
                  | fast. [hidden potential]
  4842 | Ossuary  | Reached skill level 4 in Fighting
  4842 | Ossuary  | Reached skill level 1 in Spellcasting
  4842 | Ossuary  | Reached skill level 1 in Summonings
  4954 | Ossuary  | Reached XP level 6. HP: 30/43 MP: 7/7
  4972 | Ossuary  | Noticed Menkaure
  4975 | Ossuary  | Killed Menkaure
  4978 | Ossuary  | Gained mutation: Your mind is acute. (Int +4, Str/Dex -1)
                  | [hidden potential]
  4978 | Ossuary  | Lost mutation: You have hidden genetic potential. [hidden
                  | potential expressed]
  5379 | D:4      | Found a staircase to the Ecumenical Temple.
  5427 | Temple   | Entered the Ecumenical Temple
  5447 | Temple   | Became a worshipper of Hepliaklqana the Forgotten
  5447 | Temple   | Reached * piety under Hepliaklqana
  5447 | Temple   | Reached ** piety under Hepliaklqana
  5448 | Temple   | Remembered your ancestor Ocluw as a battlemage
  5480 | D:4      | Reached XP level 7. HP: 31/44 MP: 8/8
  5690 | D:4      | Reached skill level 5 in Unarmed Combat
  5878 | D:4      | Reached skill level 5 in Fighting
  6124 | D:5      | Entered Level 5 of the Dungeon
  6316 | D:5      | Reached XP level 8. HP: 50/50 MP: 6/9
  6913 | D:5      | Identified a scroll of acquirement
  6920 | D:5      | Acquired the +2 hat "Plog" {rPois Int+3 Stlth+}
  6931 | D:6      | Noticed Pikel
  6937 | D:6      | Killed Pikel
  6938 | D:6      | Reached skill level 6 in Fighting
  7049 | D:6      | Reached *** piety under Hepliaklqana
  7259 | D:6      | Reached XP level 9. HP: 56/56 MP: 10/10
  7339 | D:6      | Reached skill level 7 in Fighting
  8256 | D:7      | Noticed Maurice
  8262 | D:7      | Killed Maurice
  8272 | D:7      | Noticed Joseph
  8445 | D:7      | Reached skill level 10 in Unarmed Combat
  8505 | D:7      | Reached skill level 8 in Fighting
  8556 | D:7      | Reached XP level 10. HP: 36/64 MP: 8/11
  8559 | D:7      | Reached skill level 5 in Dodging
  8672 | D:7      | You fall into a shaft and drop 2 floors!
  9050 | D:9      | Reached skill level 1 in Shapeshifting
  9071 | D:9      | Found a sparkling altar of Nemelex Xobeh.
  9216 | D:9      | Reached XP level 11. HP: 69/69 MP: 12/12
  9405 | D:9      | Identified the +7 rapier of Magnificence {drain, rC+ rN+++
                  | Str-4 Int+2}
  9419 | D:9      | Reached **** piety under Hepliaklqana
  9950 | D:8      | Noticed Gastronok
  9980 | D:8      | Killed Gastronok
 10535 | D:7      | Reached skill level 9 in Fighting
 10946 | D:7      | Killed Joseph
 10947 | D:7      | Reached skill level 1 in Invocations
 11152 | D:7      | Noticed a two-headed ogre
 11159 | D:7      | Killed a two-headed ogre
 11268 | D:7      | Noticed Jeremiah
 11715 | D:10     | Entered Level 10 of the Dungeon
 12078 | D:10     | Found an ornate altar of the Wu Jian Council.
 12079 | D:10     | Found an ancient bone altar of Kikubaaqudgha.
 12144 | D:10     | Identified the +5 war axe of Dishonour {flame, rPois Int+4}
 12676 | D:10     | Noticed a two-headed ogre
 12677 | D:10     | Noticed a two-headed ogre
 12694 | D:10     | Killed a two-headed ogre
 12697 | D:10     | Reached skill level 10 in Fighting
 12697 | D:10     | Noticed a two-headed ogre
 12702 | D:10     | Killed a two-headed ogre
 12760 | D:10     | Killed a two-headed ogre
 12761 | D:10     | Reached skill level 5 in Shapeshifting
 12761 | D:10     | Reached XP level 12. HP: 78/78 MP: 13/15
 12808 | D:10     | Noticed an ogre mage
 12942 | D:10     | Paralysed by an ogre mage for 2 turns
 12954 | D:10     | Killed an ogre mage
 12956 | D:10     | Noticed a two-headed ogre
 12961 | D:10     | Killed a two-headed ogre
 12972 | D:10     | Noticed a two-headed ogre
 13025 | D:10     | Noticed a two-headed ogre
 13073 | D:10     | Killed a two-headed ogre
 13077 | D:10     | Killed a two-headed ogre
 13108 | D:10     | Identified the death talisman of Cuege Lepnamm {rElec Dex+3
                  | SInv Stlth-}
 13329 | D:10     | Found a broken altar of Ashenzari.
 13541 | D:10     | Learned a level 5 spell: Summon Forest
 13689 | D:11     | Found a runed translucent gate.
 13689 | D:11     | Found a runed translucent gate.
 13689 | D:11     | Found a runed translucent gate.
 13694 | D:11     | Noticed Gosmif's ghost (journeyman DsSh)
 13713 | D:11     | Noticed a two-headed ogre
 13778 | D:11     | Found a portal to a secret trove of treasure.
 14150 | D:11     | Noticed an ettin
 14232 | D:11     | Noticed a death yak
 14245 | D:11     | Killed a death yak
 14256 | D:11     | Found a staircase to the Lair.
 14296 | D:11     | Reached skill level 10 in Dodging
 14333 | D:11     | Killed a two-headed ogre
 14535 | D:12     | Reached ***** piety under Hepliaklqana
 14545 | D:12     | Found a gate leading to a gauntlet.
 14590 | Gauntlet | Entered a Gauntlet
 14590 | Gauntlet | Found a transporter.
 14590 | Gauntlet | Found a transporter.
 14591 | Gauntlet | Found a transporter.
 14594 | Gauntlet | Found a transporter.
 14594 | Gauntlet | Found a transporter.
 14607 | Gauntlet | Found a transporter.
 14614 | Gauntlet | Found a transporter.
 14620 | Gauntlet | Found a transporter.
 14628 | Gauntlet | Found a transporter.
 14647 | Gauntlet | Found a transporter.
 14649 | Gauntlet | Found a large runed translucent door.
 14650 | Gauntlet | Found a large runed translucent door.
 14651 | Gauntlet | Found a large runed translucent door.
 14651 | Gauntlet | Found a large runed translucent door.
 14652 | Gauntlet | Found a runed translucent gate.
 14653 | Gauntlet | Found a transporter.
 14653 | Gauntlet | Found a runed translucent gate.
 14654 | Gauntlet | Found a runed translucent gate.
 14655 | Gauntlet | Found a large runed translucent door.
 14655 | Gauntlet | Found a large runed translucent door.
 14656 | Gauntlet | Found a large runed translucent door.
 14657 | Gauntlet | Found a large runed translucent door.
 14666 | Gauntlet | Found a large runed translucent door.
 14666 | Gauntlet | Found a large runed translucent door.
 14666 | Gauntlet | Found a runed translucent door.
 14666 | Gauntlet | Found a runed translucent door.
 14667 | Gauntlet | Found a large runed translucent door.
 14668 | Gauntlet | Found a large runed translucent door.
 14670 | Gauntlet | Found a transporter.
 14748 | Gauntlet | Identified the amulet "Ubyomnoq" {Spirit Rampage Str+3
                  | Dex-5}
 14769 | Gauntlet | Identified the +7 chain mail "Bisavupa" {Dex+2}
 14769 | Gauntlet | Noticed a minotaur
 14782 | Gauntlet | Killed a minotaur
 14783 | Gauntlet | Reached XP level 13. HP: 65/82 MP: 5/16
 14892 | D:12     | Found a staircase to the Orcish Mines.
 14971 | D:12     | Found a frozen archway.
 14982 | IceCv    | Entered an ice cave
 14987 | IceCv    | Found a transporter.
 14999 | IceCv    | Found a transporter.
 15147 | D:12     | Reached skill level 10 in Shapeshifting
 15883 | D:12     | Noticed Erolcha
 16010 | Lair:1   | Entered Level 1 of the Lair of Beasts
 16547 | Lair:2   | Found a hole to the Spider Nest.
 17474 | Lair:3   | Reached XP level 14. HP: 64/89 MP: 11/17
 17518 | Lair:3   | Learned a level 3 spell: Passwall
 18532 | Lair:4   | Reached skill level 5 in Invocations
 18595 | Lair:4   | Found a staircase to the Slime Pits.
 18794 | Lair:4   | You are sucked into a shaft and drop 1 floor!
 18794 | Lair:5   | Entered Level 5 of the Lair of Beasts
 18806 | Lair:5   | Reached skill level 11 in Fighting
 19771 | Lair:4   | Reached XP level 15. HP: 97/97 MP: 15/19
 19835 | Lair:4   | Reached skill level 12 in Fighting
 20597 | Lair:5   | Found a burning altar of Makhleb.
 20750 | Lair:5   | Found a gateway to Hell.
 21177 | D:11     | Found a runed translucent gate.
 21177 | D:11     | Found a runed translucent gate.
 21177 | D:11     | Found a runed translucent gate.
 21717 | D:7      | Killed Jeremiah
 22295 | D:13     | Noticed Rupert
 22300 | D:13     | Killed Rupert
 22301 | D:13     | Reached skill level 13 in Fighting
 22301 | D:13     | Reached skill level 15 in Unarmed Combat
 22375 | D:13     | Found Omnan's Antique Weapon Shoppe.
 22659 | D:13     | Found a glowing silver altar of Zin.
 22810 | D:13     | Found a gate to the Vaults.
 23592 | D:14     | Reached skill level 15 in Shapeshifting
 23684 | D:14     | Reached ****** piety under Hepliaklqana
 23993 | D:14     | Reached skill level 14 in Fighting
 24165 | D:14     | Reached XP level 16. HP: 107/107 MP: 18/20
 24203 | D:15     | Entered Level 15 of the Dungeon
 24216 | D:15     | Got the Writings on Doom and Portals
 24222 | D:15     | Learned a level 4 spell: Passage of Golubria
 24279 | D:15     | Reached skill level 1 in Translocations
 24404 | D:15     | Found an iron altar of Okawaru.
 24542 | D:15     | Found a staircase to the Depths.
 24632 | D:15     | Found Tadwonuw's Distillery.
 24692 | D:15     | Bought a potion of might for 68 gold pieces
 24692 | D:15     | Bought a potion of might for 68 gold pieces
 24692 | D:15     | Bought 2 potions of curing for 102 gold pieces
 24692 | D:15     | Bought a potion of curing for 51 gold pieces
 24692 | D:15     | Bought a potion of lignification for 51 gold pieces
 24692 | D:15     | Bought a potion of cancellation for 136 gold pieces
 24794 | D:15     | Found the +8 demon trident "Rift" {distort, reach+}
 25103 | D:11     | Found a portal to a secret trove of treasure.
 25348 | Orc:1    | Entered Level 1 of the Orcish Mines
 25403 | Orc:1    | Found a dark tunnel.
 25411 | Volcano  | Entered a volcano
 25901 | Orc:2    | Entered Level 2 of the Orcish Mines
 26090 | Orc:2    | Noticed Snorg
 26095 | Orc:2    | Killed Snorg
 26293 | Orc:2    | Reached skill level 5 in Summonings
 26579 | Orc:2    | Found a staircase to the Elven Halls.
 26584 | Orc:2    | Reached skill level 5 in Translocations
 26864 | Orc:2    | Found Soenaek's Antique Armour Boutique.
 26864 | Orc:2    | Found Zuesynli's Armour Emporium.
 26866 | Orc:2    | Found Wesupsy's Jewellery Shoppe.
 26868 | Orc:2    | Found Xucuxtio's Antique Armour Shop.
 26875 | Orc:2    | Bought a ring of wizardry for 390 gold pieces
 26875 | Orc:2    | Bought a +4 ring of protection for 468 gold pieces
 26875 | Orc:2    | Bought a ring of magical power for 260 gold pieces
 27421 | Orc:1    | Paralysed by an orc sorcerer for 5 turns
 27804 | Orc:2    | Found a staircase to the Elven Halls.
 27908 | Orc:2    | Found Zuesynli's Armour Emporium.
 27908 | Orc:2    | Found Soenaek's Antique Armour Boutique.
 27910 | Orc:2    | Found Xucuxtio's Antique Armour Shop.
 27912 | Orc:2    | Found Wesupsy's Jewellery Shoppe.
 28010 | Orc:2    | Bought a ring of poison resistance for 260 gold pieces
 28010 | Orc:2    | Bought a ring of protection from fire for 325 gold pieces
 28168 | Spider:1 | Entered Level 1 of the Spider Nest
 28175 | Spider:1 | Noticed Nikola
 28326 | Spider:1 | Killed Nikola
 28534 | Spider:1 | Noticed Donald
 28543 | Spider:1 | Killed Donald
 28634 | Spider:1 | Reached XP level 17. HP: 112/112 MP: 2/23
 29336 | Spider:1 | Noticed Roxanne
 29345 | Spider:1 | Killed Roxanne
 29389 | Spider:1 | Reached skill level 1 in Shields
 30070 | Spider:2 | Noticed Arachne
 30083 | Spider:2 | Killed Arachne
 30084 | Spider:2 | Reached skill level 5 in Spellcasting
 30283 | Spider:2 | Noticed Asterion
 30313 | Spider:2 | Killed Asterion
 30598 | Spider:3 | Noticed Agnes
 30601 | Spider:3 | Reached skill level 5 in Shields
 30604 | Spider:3 | Killed Agnes
 30761 | Spider:3 | Noticed Louise
 30767 | Spider:3 | Killed Louise
 31249 | Spider:4 | Entered Level 4 of the Spider Nest
 31357 | Spider:4 | Reached XP level 18. HP: 117/117 MP: 27/27
 31683 | Spider:4 | Reached skill level 10 in Shields
 31960 | Spider:4 | Got a gossamer rune of Zot
 31968 | Spider:4 | Identified the +2 hat of Modesty {rElec rN+ Regen+ Stlth+}
 32711 | Shoals:1 | Entered Level 1 of the Shoals
 33714 | Shoals:2 | Reached XP level 19. HP: 124/124 MP: 28/28
 33972 | Shoals:3 | Learned a level 3 spell: Ozocubu's Armour
 33977 | Shoals:3 | Learned a level 4 spell: Manifold Assault
 33983 | Shoals:3 | Learned a level 5 spell: Summon Mana Viper
 34258 | Shoals:4 | Entered Level 4 of the Shoals
 34320 | Shoals:4 | Reached skill level 15 in Fighting
 34386 | Shoals:4 | Got a barnacled rune of Zot
 34709 | Shoals:4 | Identified the ring "Jalietee" {Fly Stlth+}
 35287 | D:11     | Killed Gosmif's ghost
 35409 | Elf:1    | Entered Level 1 of the Elven Halls
 35460 | Elf:1    | Found Xipumniu's Antique Weapon Boutique.
 35850 | Elf:1    | Reached skill level 16 in Fighting
 36530 | Elf:2    | Found Ofugef's Antique Armour Emporium.
 36543 | Elf:2    | Bought a glowing hat for 224 gold pieces
 36589 | Elf:2    | Reached XP level 20. HP: 134/134 MP: 31/31
 36916 | Elf:2    | Found a runed translucent gate.
 36917 | Elf:2    | Found a runed translucent gate.
 36917 | Elf:2    | Found a runed translucent gate.
 37091 | Elf:3    | Entered Level 3 of the Elven Halls
 37875 | Elf:3    | Identified the +6 broad axe of Fimbulwinter {heavy, rPois}
 37875 | Elf:3    | Identified the amulet "Afisifef" {Acrobat rN+ Int+6}
 37884 | Elf:3    | Reached skill level 1 in Hexes
 37886 | Elf:3    | Reached skill level 10 in Summonings
 38149 | Elf:3    | Reached skill level 17 in Fighting
 38242 | Elf:3    | Identified the +1 falchion of Qoitz {elec, Int+5}
 38267 | Abyss:2  | Cast into level 2 of the Abyss (a deep elf demonologist)
 38304 | Abyss:2  | Found a corrupted altar of Lugonu.
 38344 | Abyss:2  | Identified the +3 tower shield "Mithrorphi" {Will+ Stlth+}
 38379 | Abyss:2  | Found a corrupted altar of Lugonu.
 38471 | Elf:3    | Escaped the Abyss
 38731 | Elf:3    | Identified the +0 morningstar "Soduis Suyg" {freeze, Fly}
 38731 | Elf:3    | Identified the +1 leather armour of the Leaping Gods
                  | {^Drain rC+ Str+5}
 38808 | Elf:3    | Got the Grimoire of Limitation
 38814 | Elf:3    | Got Qenerir's Catalogue of Company
 38816 | Elf:3    | Got the Volume of Nigredo
 38820 | Elf:3    | Identified the +8 shortbow "Edomecwe" {elec, rN++ rCorr
                  | Str-4 Dex+3}
 38822 | Elf:3    | Identified the staff "Pawk" {rPois Str+2 Dex+4 Stlth-
                  | Alchemy}
 38851 | Elf:3    | Got the Atlas of the Hornet and the Compass
 39141 | Vaults:1 | Entered Level 1 of the Vaults
 39146 | Vaults:1 | Found a glowing golden altar of the Shining One.
 39348 | Vaults:1 | Reached XP level 21. HP: 142/142 MP: 33/33
 39524 | Vaults:1 | Reached skill level 18 in Fighting
 39986 | Vaults:2 | Found Hunas's Antique Armour Shop.
 40013 | Vaults:2 | Reached skill level 5 in Hexes
 40227 | Vaults:2 | Found a magical portal.
 40236 | WizLab   | Entered Maxwell's Workshop
 40338 | WizLab   | Identified the ring "Ule Maeps" {Fire Str+2}
 40339 | WizLab   | Identified the ring "Ippor" {Ice Int+3}
 40530 | WizLab   | Identified the +11 short sword of Amortisation {freeze, rN+
                  | Str+2}
 40638 | WizLab   | Reached skill level 1 in Ice Magic
 41176 | Vaults:2 | Found a staircase to the Crypt.
 41243 | Vaults:2 | Reached XP level 22. HP: 150/150 MP: 34/34
 41500 | Vaults:3 | Reached skill level 19 in Fighting
 41663 | Vaults:3 | Noticed Sojobo
 41672 | Vaults:3 | Killed Sojobo
 42113 | Vaults:3 | Noticed an ancient lich
 42331 | Vaults:3 | Killed an ancient lich
 42603 | Vaults:4 | Found a huge runed translucent gate.
 42603 | Vaults:4 | Found a huge runed translucent gate.
 42603 | Vaults:4 | Found a huge runed translucent gate.
 42603 | Vaults:4 | Found a huge runed translucent gate.
 42603 | Vaults:4 | Found a huge runed translucent gate.
 42603 | Vaults:4 | Found a huge runed translucent gate.
 42603 | Vaults:4 | Found a huge runed translucent gate.
 42603 | Vaults:4 | Found a huge runed translucent gate.
 42603 | Vaults:4 | Found a huge runed translucent gate.
 42604 | Vaults:4 | Found a huge runed translucent gate.
 42604 | Vaults:4 | Found a huge runed translucent gate.
 42604 | Vaults:4 | Found a huge runed translucent gate.
 42604 | Vaults:4 | Found a huge runed translucent gate.
 42606 | Vaults:4 | Found a huge runed translucent gate.
 42607 | Vaults:4 | Found a huge runed translucent gate.
 42608 | Vaults:4 | Found a huge runed translucent gate.
 42608 | Vaults:4 | Found a huge runed translucent gate.
 42707 | Vaults:4 | Found a huge runed translucent gate.
 42708 | Vaults:4 | Found a huge runed translucent gate.
 42709 | Vaults:4 | Found a huge runed translucent gate.
 42710 | Vaults:4 | Found a huge runed translucent gate.
 42710 | Vaults:4 | Found a huge runed translucent gate.
 42715 | Vaults:4 | Found a huge runed translucent gate.
 42716 | Vaults:4 | Found a huge runed translucent gate.
 42716 | Vaults:4 | Found a huge runed translucent gate.
 42716 | Vaults:4 | Found a huge runed translucent gate.
 42716 | Vaults:4 | Found a huge runed translucent gate.
 42718 | Vaults:4 | Found a huge runed translucent gate.
 42719 | Vaults:4 | Found a huge runed translucent gate.
 42720 | Vaults:4 | Found a huge runed translucent gate.
 42720 | Vaults:4 | Found a huge runed translucent gate.
 42753 | Vaults:4 | Reached skill level 5 in Ice Magic
 42881 | Vaults:4 | Identified the +4 orcbow of Dullness {heavy, rElec Will+
                  | Str-5}
 42895 | Vaults:4 | Found Suukkiq's Armour Shoppe.
 42904 | Vaults:4 | Reached skill level 20 in Fighting
 42936 | Vaults:4 | Reached skill level 15 in Shields
 43032 | Vaults:4 | Reached XP level 23. HP: 160/160 MP: 35/35
 43450 | Vaults:4 | Found a huge runed translucent gate.
 43451 | Vaults:4 | Found a huge runed translucent gate.
 43452 | Vaults:4 | Found a huge runed translucent gate.
 43452 | Vaults:4 | Found a huge runed translucent gate.
 43478 | Vaults:4 | Found a huge runed translucent gate.
 43792 | Depths:1 | Entered Level 1 of the Depths
 43813 | Depths:1 | Found Naeru's Distillery.
 43832 | Depths:1 | Bought a potion of curing for 57 gold pieces
 43832 | Depths:1 | Bought 2 potions of haste for 380 gold pieces
 43832 | Depths:1 | Bought a potion of curing for 57 gold pieces
 43832 | Depths:1 | Bought a potion of mutation for 152 gold pieces
 43832 | Depths:1 | Bought a potion of cancellation for 152 gold pieces
 43832 | Depths:1 | Bought 2 potions of curing for 114 gold pieces
 44137 | Depths:1 | Found a one-way gate to the infinite horrors of the Abyss.
 44354 | Depths:1 | Identified the +2 robe "Jolaon" {SInv}
 44354 | Depths:1 | Noticed Boris
 44363 | Depths:1 | Killed Boris
 44494 | Depths:1 | Found a snail-covered altar of Cheibriados.
 44552 | Depths:1 | Found a one-way gate leading to the halls of Pandemonium.
 44957 | Depths:2 | Noticed Saint Roka
 44972 | Depths:2 | Killed Saint Roka
 45170 | Depths:2 | Identified the +1 acid dragon scales of Dice, Bag, and
                  | Bottle {Harm rCorr Str+2 Dex+3}
 45245 | Depths:2 | Noticed Norris
 45259 | Depths:2 | Killed Norris
 45260 | Depths:2 | Reached skill level 21 in Fighting
 46027 | Depths:2 | Reached XP level 24. HP: 168/168 MP: 35/35
 46239 | Depths:3 | Found a one-way gateway to a ziggurat.
 46465 | Depths:3 | Noticed an ancient lich
 46471 | Depths:4 | Entered Level 4 of the Depths
 46481 | Depths:4 | Killed an ancient lich
 46682 | Depths:3 | Reached skill level 22 in Fighting
 46932 | Depths:3 | Got the Tome of Death
 47049 | Depths:3 | Noticed a juggernaut
 47059 | Depths:3 | Killed a juggernaut
 47084 | Depths:3 | Acquired 603 gold pieces
 47693 | Depths:4 | Found a gate to the Realm of Zot.
 48074 | Vaults:5 | Entered Level 5 of the Vaults
 48322 | Vaults:5 | Reached XP level 25. HP: 177/177 MP: 35/35
 48572 | Vaults:5 | Got a silver rune of Zot
 48639 | Vaults:5 | Identified the amulet of the Turtledove {RegenMP Dex+4}
 48690 | Vaults:5 | Identified the +6 sling of the Dungeon {freeze, rElec rN+
                  | Str-2 Stlth+}
 48737 | Vaults:5 | Reached skill level 5 in Evocations
 48754 | Vaults:5 | Noticed an ancient lich
 48820 | Vaults:5 | Identified the +4 morningstar of Duzeme {venom, Str+2}
 49122 | Vaults:5 | Killed an ancient lich
 49445 | Vaults:5 | Identified the +3 longbow of Terra Cotta {freeze, Int+6}
 49992 | D:15     | Bought 2 potions of enlightenment for 170 gold pieces
 49992 | D:15     | Bought a potion of magic for 136 gold pieces
 50061 | D:12     | Killed Erolcha
 50248 | Zot:1    | Entered Level 1 of the Realm of Zot
 50264 | Zot:1    | Found the +4 dragonskin cloak
 50264 | Zot:1    | Noticed Tiamat
 50283 | Zot:1    | Killed Tiamat
 50444 | Depths:4 | Reached skill level 23 in Fighting
 50500 | Zot:1    | Reached XP level 26. HP: 184/184 MP: 35/35
 51482 | Crypt:1  | Entered Level 1 of the Crypt
 51488 | Crypt:1  | Identified the ring of Plog {Ice rCorr Dex-3 Stlth+}
 51488 | Crypt:1  | Noticed Josephina
 51998 | Zot:3    | Learned a level 2 spell: Lesser Beckoning
 52005 | Zot:3    | Learned a level 6 spell: Summon Cactus Giant
 52015 | Zot:3    | Reached skill level 15 in Dodging
 52093 | Zot:4    | Reached skill level 10 in Evocations
 52116 | Zot:4    | Found a hazy altar of Hepliaklqana.
 52349 | Zot:5    | Entered Level 5 of the Realm of Zot
 52624 | Zot:5    | Noticed a dread lich
 52640 | Zot:5    | Killed a dread lich
 52670 | Zot:5    | Noticed an ancient lich
 53079 | Zot:5    | Noticed an orb of fire
 53084 | Zot:5    | Killed an orb of fire
 53108 | Zot:5    | Killed an ancient lich
 53164 | Zot:5    | Noticed an orb of fire
 53170 | Zot:5    | Killed an orb of fire
 53216 | Zot:5    | Noticed an orb of fire
 53223 | Zot:5    | Lost mutation: You are agile. (Dex +4, Str/Int -1) [an orb
                  | of fire]
 53227 | Zot:5    | Gained mutation: You occasionally shout uncontrollably at
                  | your foes. [an orb of fire]
 53234 | Zot:5    | Killed an orb of fire
 53267 | Zot:5    | Noticed a Killer Klown
 53285 | Zot:5    | Killed a Killer Klown
 53286 | Zot:5    | Reached skill level 10 in Invocations
 53286 | Zot:5    | Reached XP level 27. HP: 189/189 MP: 35/35
 53304 | Zot:5    | Noticed an orb of fire
 53309 | Zot:5    | Killed an orb of fire
 53581 | Zot:5    | Noticed an orb of fire
 53585 | Zot:5    | Killed an orb of fire
 53786 | Zot:5    | Noticed an orb of fire
 53791 | Zot:5    | Killed an orb of fire
 54107 | Zot:5    | Noticed an orb of fire
 54110 | Zot:5    | Noticed an orb of fire
 54113 | Zot:5    | Gained mutation: You frequently scream uncontrollably at
                  | your foes. [an orb of fire]
 54117 | Zot:5    | Gained mutation: You possess an exceptional clarity of
                  | mind. [an orb of fire]
 54119 | Zot:5    | Gained mutation: You occasionally lose the ability to read
                  | scrolls when taking damage. [an orb of fire]
 54122 | Zot:5    | Killed an orb of fire
 54130 | Zot:5    | Killed an orb of fire
 54336 | Zot:5    | Noticed an orb of fire
 54342 | Zot:5    | Killed an orb of fire
 54393 | Zot:5    | Lost mutation: You frequently scream uncontrollably at your
                  | foes. [potion of mutation]
 54393 | Zot:5    | Lost mutation: You occasionally lose the ability to read
                  | scrolls when taking damage. [potion of mutation]
 54393 | Zot:5    | Gained mutation: Your flesh is cold resistant. (rC+)
                  | [potion of mutation]
 54393 | Zot:5    | Gained mutation: Your muscles are strong. (Str +4, Int/Dex
                  | -1) [potion of mutation]
 54401 | Zot:5    | Got the Orb of Zot
 54508 | Zot:3    | Noticed Apriqen the pandemonium lord
 54878 | D:8      | Noticed Ybi Gon the pandemonium lord
 54891 | D:8      | Killed Ybi Gon the pandemonium lord
 55092 | D:$      | Escaped with the Orb!

Illustrated notes

Levels and vault maps discovered:
D:1:      dpeg_arrival_ratfight, layout_basic, minmay_misc_feat_four_crosses
D:2:      layout_basic, minmay_split_cup_small, uniq_robin
D:3:      layout_loops_ring
D:4:      layout_basic, minmay_temple_entry_glass,
          lightli_ossuary_entry_decrepit_ruins
D:5:      layout_basic
D:6:      layout_basic, kennysheep_windowed_goal, uniq_pikel, uniq_menkaure
D:7:      layout_rooms, minmay_shattered_shrine, uniq_joseph, uniq_jeremiah,
          uniq_maurice
D:8:      layout_basic, uniq_gastronok
D:9:      layout_roguey, overflow_temple_1_default
D:10:     lemuel_ogre_cave, layout_small_grid, nicolae_overflow_crystal_walls,
          nicolae_overflow_squiral, serial_rivers,
          chequers_serial_rivers_room_a, chequers_serial_rivers_micro_d,
          chequers_serial_rivers_micro_d, chequers_serial_rivers_room_b,
          chequers_serial_rivers_small_a
D:11:     layout_basic, dpeg_lair_monsters, nicolae_trove_entry_free_sample,
          gammafunk_ghost_split, kennysheep_decorative_pillar
D:12:     layout_loops_cross, david_orc_2, serial_ice, serial_ice_f,
          serial_ice_a, serial_ice_h, serial_ice_i, portal_ice_cave_entry_imps,
          gauntlet_entry_generic, chequers_serial_rivers_micro_b,
          serial_library_regret_index_branch_corner, uniq_erolcha
D:13:     layout_roguey, david_vaults_4, special_room [special_room_orc],
          serial_shops, shop, serial_curves, eino_curves_04, eino_curves_02,
          zin_statuary, uniq_rupert
D:14:     layout_long_grid, chequers_mini_garden
D:15:     hellmonk_depths_entry_around_the_bend, layout_rooms,
          chequers_serial_rivers_micro_e, serial_shops, nicolae_diamond_shop,
          kennysheep_okawaru_gauntlet
Temple:   hc_temple_tempest_star
Lair:1:   layout_big_grid
Lair:2:   layout_regular_city, spider_nest_entry_rubble, grunt_megastairs_5,
          infiniplex_staircase_pool
Lair:3:   layout_cave_pods, nicolae_shoals_entry_flooding, st_stairs_8,
          minmay_stone_trees_small
Lair:4:   layout_regular_city, nicolae_slime_entry_slimehenge
Lair:5:   evil_forest, layout_regular_city
Shoals:1: layout_shoals, nicolae_shoals_loop_pool
Shoals:2: layout_shoals
Shoals:3: layout_shoals, nicolae_shoals_drake_roost
Shoals:4: shoals_end_grunt_ice, layout_shoals
Spider:1: layout_spider_delve, nicolae_spider_claw_tunnel, uniq_donald,
          uniq_nikola, uniq_roxanne
Spider:2: layout_spider_delve, hangedman_spider_trapstep, uniq_arachne,
          uniq_asterion
Spider:3: layout_spider_delve, uniq_agnes, uniq_louise
Spider:4: grunt_spider_rune_circles
Orc:1:    layout_caves, lightli_volcano_entry_magma_tube,
          regret_index_minedec_devilstone
Orc:2:    st_orc_rangers, layout_caves, uniq_snorg
Elf:1:    layout_loops_corners, serial_shops, shop, minivault_28, st_stairs_10
Elf:2:    nicolae_elf_blades_crystal_corner, layout_rooms, serial_sigils,
          serial_sigils_hangedman_writhe, serial_sigils_hangedman_scar,
          serial_sigils_hangedman_etch, serial_sigils_hangedman_shear,
          serial_shops, nicolae_shop_overgrown_old_shop,
          nicolae_elf_glassroom_feature
Elf:3:    minmay_elf_hall_curves, layout_geoelf_diagonals
Vaults:1: vaults_mumra_minichess, lemuel_angel_altar, v_misc_9,
          ontoclasm_vaults_chip, nicolae_vaults_double_plus_1,
          nicolae_vaults_heart-shaped_vault, vaults_room_hallway,
          vaults_room_pool, vaults_mumra_lcd, vaults_room_grunt_arrival_ludios,
          nicolae_vaults_wine_cellar, vaults_dpeg_emergency_exit,
          nicolae_vaults_house_2, layout_vaults_big_room
Vaults:2: mu_enter_wizlab_4, nicolae_vaults_oval_intersection, v_misc_2,
          nicolae_vaults_inception_scallops, v_pattern_4,
          hangedman_vaults_cutoff, vaults_room_grunt_arrival_checkpoint,
          v_misc_28, vaults_room_pools, nicolae_vaults_what_the_h,
          minmay_crypt_entry_simple_plaza, nicolae_vaults_specimen_jars,
          nicolae_vaults_trapezoid_lopsided_3, ontoclasm_vaults_pinch,
          nicolae_vaults_prndl, ontoclasm_vaults_twist, vaults_room_fancy_cross,
          nicolae_vaults_little_squares_4, layout_vaults_maze_snakey,
          serial_shops, nicolae_shop_tiny_glass
Vaults:3: hangedman_vaults_stagger, v_rooms_4, nicolae_vaults_little_squares_6,
          nicolae_vaults_steering_wheel,
          nicolae_vaults_you_can_take_it_with_you, grunt_vaults_funnel,
          vaults_standard_mumra_lines, nicolae_vaults_tetromino_Z_1,
          vaults_mumra_hexcomb, nicolae_vaults_offset_grid_hallway_2,
          nicolae_vaults_double_plus_1, layout_vaults_omnibox, uniq_sojobo
Vaults:4: hangedman_vaults_stretched_pinwheel, nicolae_vaults_circle_grid_b,
          not_door_vault_due, dpeg_vaults_monster_row, v_misc_12,
          nicolae_vaults_cornered_office,
          serial_library_regret_index_small_wings, v_misc_22,
          hangedman_vaults_nails, nicolae_vaults_tetromino_T_1,
          vaults_mumra_chevron, serial_ice_h, vaults_dpeg_encased_lava,
          dpeg_vaults_monster_box, nicolae_vaults_tetromino_L_1,
          layout_vaults_omnicross
Vaults:5
Crypt:1:  layout_misc_corridors, grunt_megastairs_1, uniq_zenata, uniq_josephina
Depths:1: layout_gridlike, chequers_serial_rivers_small_3,
          grunt_hell_entry_dis_mu, serial_shops, nicolae_shop_industrial_runoff,
          abyss_entry, serial_bayou, serial_bayou_pond_e, serial_bayou_lagoon_a,
          serial_bayou_ford_a, serial_bayou_pond_d, pan_entry, slow_altar_1,
          uniq_boris
Depths:2: four-leaf_vault, layout_gridlike, dk_noncrumbling_4, hellmouth_2,
          grunt_pan_entry_sceptre, hangedman_abyss_or_decor_stagger,
          uniq_saint_roka, uniq_norris
Depths:3: cheibrodos_hall_of_evolution, layout_cave_pools, enter_ziggurat_e,
          grunt_pan_entry_in_and_out, abyss_entry_glasseish, special_room
          [special_room_morgue], hell_entry, infiniplex_staircase_pool_1
Depths:4: grunt_zot_entry_alcove, layout_basic, pf_vacation_house_of_asmodeus,
          abyss_entry
Zot:1:    layout_misc_corridors, uniq_tiamat
Zot:2:    layout_gridlike, skrybe_zot_glass_3
Zot:3:    layout_gridlike, basic_altar,
          regret_index_zotdec_silver_v_v_orig_slice
Zot:4:    layout_gridlike, basic_altar
Zot:5:    layout_misc_corridors, grunt_ministairs_10

Skill      XL: |  1  2  3  4  5  6  7  8  9 10 11 12 13 14 15 16 17 18 19 20 21 22 23 24 25 26 27 |
---------------+----------------------------------------------------------------------------------+-----
Unarmed Combat | 1 2 3 4 6 8 10 12 14 16 17 18 19 20 21 22 | 22.0
Evocations     | 1 2 4 8 11 12 | 12.0
Fighting       | 4 5 6 8 10 11 14 16 17 18 20 21 22 23 | 23.3
Spellcasting   | 1 4 6 7 8 |  8.0
Summonings     | 1 6 8 9 10 11 12 13 | 13.0
Dodging        | 4 7 8 10 11 12 14 16 18 | 18.0
Shapeshifting  | 2 5 9 13 14 15 16 | 16.1
Invocations    | 4 6 7 10 12 | 12.0
Translocations | 6 8 9 |  9.0
Shields        | 8 12 13 14 15 17 18 19 | 19.0
Hexes          | 4 6 8 9 |  9.0
Ice Magic      | 2 5 |  5.0
Long Blades    | |  3.0

Action                     |  1- 3 |  4- 6 |  7- 9 | 10-12 | 13-15 | 16-18 | 19-21 | 22-24 | 25-27 || total
---------------------------+-------+-------+-------+-------+-------+-------+-------+-------+-------++-------
  Melee: Falchion          |    11 |       |       |       |       |       |       |       |       ||    11
         Constrict         |    19 |    70 |    23 |    35 |    27 |    83 |   138 |   117 |    99 ||   611
         Tentacles         |    10 |    52 |    33 |    59 |    48 |   115 |   204 |   291 |   219 ||  1031
         Dagger            |    42 |   157 |       |       |       |       |       |       |       ||   199
         Unarmed           |       |    43 |    91 |   221 |   624 |   801 |   647 |   830 |   599 ||  3856
         Punch             |       |       |       |     1 |    63 |    34 |       |       |       ||    98
         Bite              |       |       |       |       |    55 |    33 |       |       |       ||    88
         Tailslap          |       |       |       |       |    70 |    46 |       |       |       ||   116
  Throw: Dart              |     6 |     5 |    12 |    28 |       |       |       |       |       ||    51
         Throwing net      |       |       |       |     2 |       |       |       |       |       ||     2
   Cast: Summon Forest     |       |       |       |       |       |     3 |     2 |     2 |     4 ||    11
         Ozocubu's Armour  |       |       |       |       |       |       |     1 |       |       ||     1
 Invoke: Ancestor Life: Ba |       |     1 |       |       |       |       |       |       |       ||     1
         Recall Ancestor   |       |       |    11 |     8 |    13 |     4 |     8 |     7 |    22 ||    73
         Idealise          |       |       |       |     5 |     5 |     6 |     3 |     2 |     9 ||    30
  Evoke: Wand              |       |     3 |    13 |    38 |     7 |     7 |       |       |    10 ||    78
    Use: Potion            |       |     3 |       |     5 |     2 |     2 |     4 |       |    13 ||    29
         Scroll            |       |     2 |    13 |     7 |     9 |    11 |     7 |     9 |    15 ||    73
   Stab: Sleeping          |       |     2 |       |       |     3 |     2 |     3 |    11 |     3 ||    24
         Distracted        |       |       |     2 |     6 |     8 |    28 |    16 |    22 |    12 ||    94
         Held in net/web   |       |       |       |     1 |       |       |     1 |       |       ||     2
         Invisible         |       |       |       |     1 |       |       |       |       |     1 ||     2
         Paralysed         |       |       |       |       |       |     2 |       |       |       ||     2
 Armour: Skin              |    12 |    54 |    33 |    97 |   409 |   903 |   608 |   651 |   301 ||  3068
  Dodge: Dodged            |    20 |    86 |    51 |   161 |   336 |   737 |   447 |   631 |   387 ||  2856
  Block: Kite shield       |       |       |       |       |       |   499 |   336 |       |       ||   835
         Reflection        |       |       |       |       |       |    16 |    39 |       |       ||    55
         Tower shield      |       |       |       |       |       |       |   442 |  1488 |   783 ||  2713
   Form: Blade             |       |       |       |       |     1 |       |       |       |       ||     1
         Dragon            |       |       |       |       |     1 |       |       |       |       ||     1
         Statue            |       |       |       |       |       |     1 |       |       |       ||     1

Table legend: (Time is in decaauts)
 A = Elapsed time spent in this place.
 B = Non-inter-level travel time spent in this place.
 C = Inter-level travel time spent in this place.
 D = Time resting spent in this place.
 E = Time spent auto-exploring this place.
 F = Levels seen in this place.
 G = Mean time per level.
                   A        B        C        D        E       F      G
               +--------+--------+--------+--------+--------+-----+--------+
         Total |  66880 |  59411 |   7469 |  10403 |  33161 |  55 | 1216.0 |
       Dungeon |  20042 |  17369 |   2673 |   3601 |  10091 |  15 | 1336.1 |
        Temple |     41 |      3 |     38 |      0 |      0 |   1 |   41.0 |
          Lair |   5433 |   4992 |    441 |    696 |   3286 |   5 | 1086.6 |
        Shoals |   3639 |   3458 |    181 |    154 |   2394 |   4 |  909.8 |
   Spider Nest |   5898 |   5309 |    589 |    809 |   3121 |   4 | 1474.5 |
  Orcish Mines |   2672 |   2193 |    479 |    283 |   1402 |   2 | 1336.0 |
   Elven Halls |   5025 |   4817 |    208 |    730 |   2865 |   3 | 1675.0 |
        Vaults |   9127 |   7887 |   1240 |    568 |   5080 |   5 | 1825.4 |
         Crypt |     19 |     18 |      1 |      0 |      4 |   1 |   19.0 |
        Depths |   7254 |   6104 |   1150 |    987 |   3639 |   4 | 1813.5 |
           Zot |   4890 |   4425 |    465 |   1820 |    831 |   5 |  978.0 |
         Abyss |    293 |    293 |      0 |      0 |      0 |   1 |  293.0 |
       Ossuary |   1257 |   1257 |      0 |    682 |     20 |   1 | 1257.0 |
      Ice Cave |     30 |     30 |      0 |      0 |      0 |   1 |   30.0 |
       Volcano |    250 |    250 |      0 |     40 |     59 |   1 |  250.0 |
        Wizlab |    766 |    766 |      0 |     30 |    367 |   1 |  766.0 |
      Gauntlet |    235 |    235 |      0 |      0 |      0 |   1 |  235.0 |
               +--------+--------+--------+--------+--------+-----+--------+

Top non-repeatable levels by time:
   Zot:5: 3046 daAuts
   Elf:3: 2552 daAuts
Depths:2: 2183 daAuts
Vaults:5: 2067 daAuts
     D:2: 2014 daAuts
Depths:4: 2010 daAuts
   Orc:2: 1995 daAuts
Vaults:3: 1909 daAuts
Spider:4: 1868 daAuts
Vaults:4: 1863 daAuts
Depths:1: 1828 daAuts
    D:11: 1821 daAuts
Spider:1: 1820 daAuts
     D:7: 1753 daAuts
Vaults:1: 1701 daAuts
